Map: Lightshade LE

Players

freebuttouch

  • Race: Zerg Zerg
  • League: Diamond

ScubaSteve - Winner!

  • Race: Terran Terran
  • League: Diamond

VOD

Have the link to the VOD?

Description

Standard LBH v Ghost Rush

Time

  • Played on: Sept. 22, 2021, 11:44 p.m.
  • Length: 32:27
Show
View Real Time Build Order
Export as new Build Order

freebuttouch Zerg 

Build Orders: Hatch First 

Get SALT Encoding   

  12  0:02  Drone  
  13  0:11  Overlord  
  13  0:21  Drone  
  14  0:32  Drone x2  
  16  0:49  Hatchery  
  15  0:51  Drone  
  15  0:55  Drone  
  17  0:59  Drone  
  18  1:09  Extractor  
  17  1:15  Spawning Pool  
  17  1:18  Drone  
  17  1:20  Drone  
  18  1:28  Drone  
  19  1:39  Drone  
  20  1:49  Drone  
  21  2:02  Queen x2  
  21  2:03  Zergling x2  
  21  2:04  Zergling x2  
  27  2:14  Overlord  
  27  2:15  Drone  
  28  2:18  Metabolic Boost  
  28  2:27  Overlord  
  28  2:32  Drone  
  28  2:35  Drone x2  
  31  2:51  Drone x2  
  33  2:59  Drone x2  
  33  3:05  Hatchery  
  33  3:20  Drone x4  
  33  3:22  Queen  
  39  3:27  Drone  
  39  3:28  Drone  
  39  3:32  Drone  
  39  3:33  Overlord  
  43  3:34  Drone  
  43  3:45  Overlord x2  
  43  4:02  Queen x2  
  43  4:05  Drone x4  
  43  4:08  Extractor  
  50  4:11  Drone x2  
  52  4:17  Baneling Nest  
  52  4:18  Evolution Chamber  
  52  4:21  Drone x2  
  52  4:22  Evolution Chamber  
  52  4:23  Drone  
  52  4:28  Overlord  
  52  4:35  Queen  
  52  4:38  Drone x2  
  56  4:46  Lair  
  56  4:53  Drone x7  
  56  4:55  Spore Crawler  
  56  4:58  Drone  
  63  5:04  Zergling x2  
  63  5:05  Zergling x2  
  65  5:07  Spore Crawler  
  65  5:08  Zergling x2  
  64  5:14  Hatchery  
  64  5:16  Spore Crawler  
  56  5:21  Zergling x2  
  56  5:22  Zergling x16  
  64  5:34  Zergling x6  
  65  5:42  Baneling x3  
  61  5:44  Zergling x2  
  61  5:48  Overseer  
  62  6:00  Drone x2  
  62  6:01  Drone  
  65  6:15  Drone x2, Overlord, Spore Crawler  
  65  6:16  Overlord x3, Queen, Spore Crawler  
  65  6:25  Queen x2  
  65  6:27  Baneling x3  
  65  6:30  Drone x3, Spore Crawler  
  71  6:35  Spine Crawler  
  71  6:37  Zergling x2  
  71  6:38  Zergling x12  
  76  6:46  Drone x2, Queen  
  79  6:55  Drone  
  79  6:56  Drone x5  
  85  7:02  Overlord  
  85  7:08  Drone x8  
  93  7:18  Extractor  
  93  7:19  Extractor  
  93  7:20  Drone x2  
  93  7:21  Drone x2  
  95  7:31  Extractor  
  91  7:37  Zergling x2  
  91  7:38  Zergling x14  
  95  7:46  Queen x4, Spine Crawler  
  92  7:53  Zergling x2  
  92  7:54  Zergling x16  
  96  8:02  Zerg Melee Weapons Level 1  
  96  8:03  Zerg Ground Armor Level 1  
  90  8:06  Drone  
  90  8:07  Drone  
  90  8:08  Drone x2  
  90  8:09  Spore Crawler  
  90  8:12  Spine Crawler  
  84  8:13  Zergling x8  
  84  8:15  Zergling x4  
  84  8:17  Overlord  
  86  8:21  Queen  
  86  8:22  Drone, Queen, Spine Crawler  
  90  8:32  Baneling  
  90  8:33  Baneling x13  
  90  8:34  Baneling  
  90  8:36  Drone x8  
  98  8:42  Extractor  
  98  8:43  Hatchery  
  98  8:45  Hydralisk Den  
  98  8:46  Drone x2, Hatchery  
  98  8:47  Drone  
  97  8:49  Drone x7  
  90  9:14  Drone x6, Extractor  
  90  9:15  Drone  
  90  9:16  Extractor  
  94  9:30  Overseer x3  
  88  9:33  Overlord  
  88  9:34  Overlord x11  
  87  9:39  Muscular Augments  
  87  9:51  Queen, Hydralisk  
  87  9:52  Hydralisk x3  
  97  9:55  Queen  
  99  10:02  Zergling x2  
  99  10:03  Zergling x10  
  105  10:09  Pneumatized Carapace  
  105  10:10  Hatchery  
  102  10:27  Spore Crawler  
  101  10:29  Queen  
  101  10:31  Drone x16  
  119  10:36  Baneling x4  
  119  10:37  Baneling x5  
  119  10:43  Zerg Melee Weapons Level 2  
  119  10:50  Grooved Spines  
  119  10:52  Drone x6  
  119  10:53  Drone x4  
  129  10:57  Zergling x2  
  129  10:58  Zergling x8  
  132  11:17  Spore Crawler  
  132  11:18  Drone x13  
  144  11:20  Spore Crawler, Spine Crawler  
  144  11:21  Extractor  
  144  11:22  Extractor  
  140  11:27  Zerg Ground Armor Level 2  
  140  11:28  Centrifical Hooks  
  140  11:30  Infestation Pit, Zergling x6  
  142  11:43  Spore Crawler  
  142  11:45  Spine Crawler  
  140  11:53  Hydralisk x12  
  156  11:54  Hydralisk  
  156  11:55  Hydralisk  
  156  11:58  Hydralisk x2  
  172  12:04  Lurker Den  
  171  12:10  Hive  
  171  12:11  Burrow  
  171  12:33  Zergling x2  
  171  12:34  Zergling x42  
  193  12:39  Overlord  
  193  12:40  Overlord x10  
  193  12:46  Zergling x4  
  166  13:06  Overseer x3  
  166  13:08  Overlord x2  
  166  13:09  Overlord x7, Hydralisk  
  166  13:10  Hydralisk x7  
  182  13:18  Overseer x4  
  169  13:34  Zergling x18  
  169  13:35  Zergling x34  
  190  13:45  Zergling x2  
  190  13:46  Zergling x22  
  200  14:04  Spore Crawler  
  200  14:05  Spine Crawler  
  137  14:41  Zergling x2  
  137  14:42  Zergling x30  
  137  14:43  Zergling x18  
  144  14:46  Zerg Melee Weapons Level 3, Zerg Ground Armor Level 3  
  139  14:55  Hydralisk x9  
  139  14:56  Hydralisk x2  
  161  15:00  Queen  
  161  15:04  Hydralisk x5  
  161  15:06  Queen  
  175  15:26  Spore Crawler, Spine Crawler  
  173  15:29  Hatchery  
  173  15:32  Hydralisk  
  173  15:33  Hydralisk x13  
  200  15:38  Spore Crawler  
  200  15:39  Spine Crawler  
  200  15:40  Ultralisk Cavern  
  200  15:41  Spire  
  194  15:59  Spore Crawler, Spine Crawler  
  149  16:21  Zergling x2  
  149  16:22  Zergling x46  
  149  16:23  Zergling x34  
  149  16:24  Overseer  
  149  16:25  Overseer x2  
  166  16:30  Chitinous Plating  
  166  16:44  Baneling x2  
  166  16:45  Baneling x17  
  166  16:47  Lurker  
  166  16:48  Lurker x9  
  166  16:49  Hydralisk x4  
  166  16:52  Hydralisk  
  186  16:54  Hydralisk  
  179  17:35  Overseer  
  179  17:36  Overseer  
  159  17:41  Zergling x12  
  159  17:42  Zergling x60  
  159  17:43  Zergling x14  
  190  17:49  Anabolic Synthesis  
  186  17:57  Zergling x2  
  186  17:58  Zergling x18  
  190  18:05  Zergling x2  
  184  18:06  Zergling x16  
  192  18:37  Baneling  
  192  18:38  Baneling x18  
  192  18:39  Baneling  
  192  18:40  Baneling x2  
  135  19:10  Seismic Spines  
  135  19:11  Hydralisk  
  135  19:12  Ultralisk  
  135  19:13  Ultralisk x5  
  160  19:18  Zergling x2  
  160  19:19  Zergling x18  
  160  19:20  Zergling x2  
  160  19:23  Overlord x2  
  161  19:25  Overseer  
  161  19:26  Overseer  
  152  19:56  Baneling  
  152  19:57  Baneling x14  
  152  19:58  Hydralisk x2  
  152  19:59  Hydralisk x11  
  178  20:00  Hydralisk  
  178  20:05  Zerg Missile Weapons Level 1  
  180  20:08  Adaptive Talons  
  180  20:17  Hydralisk x7  
  180  20:18  Hydralisk  
  190  20:43  Hydralisk x5  
  179  20:59  Hydralisk x10  
  179  21:00  Hydralisk x3  
  189  21:08  Ultralisk x2  
  199  21:14  Overseer x3  
  199  21:16  Overlord x4  
  153  21:31  Lurker x2  
  153  21:32  Lurker x14  
  163  21:37  Greater Spire  
  163  21:48  Extractor  
  163  21:49  Extractor  
  161  22:01  Zergling x2  
  161  22:02  Zergling x44  
  161  22:03  Zergling x8  
  175  22:38  Baneling x12  
  175  22:39  Baneling x2, Zergling x6  
  175  22:40  Zergling x44  
  200  22:56  Zergling x2  
  190  23:10  Hydralisk x6  
  190  23:11  Hydralisk x3  
  199  23:17  Overseer x3  
  176  23:52  Hydralisk  
  176  23:53  Hydralisk x14  
  196  24:02  Hydralisk  
  176  24:03  Hydralisk x12  
  193  24:15  Hydralisk  
  193  24:16  Hydralisk x4  
  192  24:58  Hydralisk  
  185  25:00  Zergling x28  
  185  25:01  Zergling x16  
  186  25:10  Hydralisk  
  186  25:11  Hydralisk x12  
  193  25:15  Overseer x2  
  193  25:16  Overseer  
  168  25:45  Zergling x8  
  168  25:46  Zergling x32  
  176  25:57  Overseer x3  
  140  26:26  Zergling x2  
  140  26:27  Zergling x40  
  140  26:28  Zergling x2  
  144  26:50  Zergling x2  
  144  26:51  Zergling x26  
  134  27:10  Ultralisk  
  134  27:11  Ultralisk  
  134  27:14  Lurker  
  147  27:17  Overseer x2  
  147  27:23  Extractor x2  
  124  27:53  Ultralisk x2  
  124  27:56  Ultralisk  
  137  28:35  Zergling x2  
  137  28:36  Zergling x32  
  137  28:39  Overlord  
  146  28:59  Zergling x2  
  146  29:00  Zergling x16  
  148  29:14  Corruptor  
  148  29:15  Drone x6, Corruptor  
  136  29:42  Hatchery  
  97  30:15  Zergling x2  
  97  30:16  Zergling x34  
  115  30:22  Overseer x2  
  115  30:28  Hydralisk  
  105  30:44  Ultralisk  
  96  31:01  Zergling x14  
  96  31:02  Zergling x2  
  88  31:08  Zergling x4  
  74  31:17  Lurker  
  75  31:19  Corruptor  
  74  31:39  Baneling Nest  
  73  31:43  Overseer  
Show
View Real Time Build Order
Export as new Build Order

ScubaSteve Terran - Winner!

Build Orders:  

Get SALT Encoding   

  12  0:02  SCV  
  13  0:16  SCV  
  14  0:22  Supply Depot  
  14  0:27  Refinery  
  14  0:31  SCV  
  15  0:43  SCV  
  15  0:49  Barracks  
  16  0:55  SCV  
  17  0:59  Refinery  
  17  1:07  SCV  
  18  1:19  SCV  
  20  1:36  Orbital Command  
  20  1:39  Reaper  
  20  1:43  Ghost Academy  
  20  1:56  Supply Depot  
  20  2:02  SCV  
  21  2:14  SCV, Barracks Tech Lab  
  22  2:17  Factory  
  22  2:26  SCV  
  25  2:38  SCV  
  26  2:50  SCV  
  27  2:54  Personal Cloaking  
  27  3:00  Unknown  
  27  3:02  SCV  
  30  3:09  Supply Depot  
  30  3:15  SCV  
  31  3:24  Starport  
  31  3:32  Unknown  
  31  3:36  SCV  
  32  3:41  Command Center  
  34  3:49  SCV  
  35  3:58  Refinery  
  35  4:02  SCV  
  36  4:05  Medivac, Supply Depot  
  38  4:14  SCV  
  38  4:16  Unknown  
  39  4:28  Supply Depot  
  38  4:35  SCV  
  41  4:47  SCV  
  41  4:48  Command Center  
  41  4:51  Bunker  
  42  4:54  Nuke  
  42  4:59  SCV  
  43  5:05  Orbital Command, Unknown  
  45  5:33  SCV x2  
  47  5:36  Unknown  
  49  5:45  SCV  
  49  5:46  SCV  
  51  5:54  Refinery  
  51  5:57  SCV  
  51  5:58  SCV  
  51  6:00  Medivac, Orbital Command  
  51  6:03  Barracks  
  55  6:06  Unknown  
  55  6:07  Barracks  
  55  6:09  SCV  
  55  6:10  SCV  
  59  6:22  SCV  
  61  6:25  SCV  
  61  6:28  SCV  
  62  6:35  Unknown  
  62  6:45  SCV x3  
  62  6:46  Medivac  
  69  6:52  Barracks Tech Lab  
  69  6:57  SCV x2  
  71  7:03  Barracks Tech Lab  
  71  7:08  Engineering Bay  
  71  7:09  SCV x2, Engineering Bay  
  71  7:11  Ghost Academy  
  71  7:12  Ghost Academy  
  71  7:13  Barracks x2  
  71  7:14  Unknown  
  77  7:40  Orbital Command  
  77  7:41  Unknown  
  77  7:43  Unknown  
  75  7:57  Nuke  
  75  8:03  SCV x2  
  83  8:17  Starport Reactor  
  83  8:18  Barracks Tech Lab  
  83  8:19  Barracks Tech Lab  
  79  8:21  SCV x2  
  79  8:31  Refinery  
  79  8:32  SCV  
  79  8:33  SCV, Factory Reactor  
  79  8:34  Unknown x2, Refinery  
  81  8:36  Terran Infantry Weapons Level 1, Supply Depot x2  
  81  8:38  Unknown  
  85  8:42  Supply Depot x2  
  85  8:45  SCV x3  
  88  8:55  Marine  
  88  8:57  SCV x3  
  88  9:00  Supply Depot  
  92  9:02  Unknown  
  92  9:03  Sensor Tower, Unknown  
  92  9:06  Nuke x3  
  92  9:09  SCV  
  93  9:33  SCV x2, Widow Mine x2  
  101  9:39  SCV  
  101  9:40  Command Center  
  101  9:45  SCV x2  
  104  9:47  Medivac  
  104  9:52  SCV, Command Center  
  109  9:53  Missile Turret  
  109  9:57  SCV x2  
  109  9:59  Unknown  
  111  10:00  Unknown  
  111  10:02  Supply Depot  
  111  10:04  SCV  
  112  10:09  SCV  
  112  10:12  SCV  
  114  10:15  Unknown  
  114  10:16  SCV  
  121  10:25  SCV x2  
  121  10:28  SCV  
  124  10:30  Terran Infantry Armor Level 1  
  124  10:37  Missile Turret x4  
  124  10:40  Command Center  
  124  10:41  Command Center  
  126  10:46  Armory  
  126  10:47  SCV x3  
  126  10:48  Unknown x4  
  129  10:53  Sensor Tower  
  130  10:59  SCV x3  
  130  11:00  Planetary Fortress  
  130  11:06  Marine x2  
  130  11:07  Marauder, Combat Shield  
  130  11:08  Unknown  
  130  11:11  SCV x2  
  136  11:13  Refinery  
  136  11:15  Refinery  
  136  11:19  Supply Depot  
  136  11:20  Supply Depot  
  136  11:23  Widow Mine  
  142  11:26  SCV x2  
  142  11:29  Barracks  
  142  11:32  Barracks  
  146  11:39  SCV x3  
  149  11:46  Factory  
  149  11:47  Planetary Fortress  
  149  11:51  Unknown x2  
  149  11:56  Planetary Fortress, Supply Depot  
  149  12:00  Unknown  
  149  12:14  Widow Mine x2  
  157  12:17  Barracks Reactor  
  157  12:21  SCV  
  157  12:22  SCV  
  159  12:25  Command Center, Supply Depot  
  159  12:36  Terran Infantry Armor Level 2  
  157  12:38  Nuke  
  157  12:39  Nuke  
  157  12:42  Unknown x2  
  150  13:06  Barracks Reactor  
  146  13:27  SCV x2  
  146  13:28  SCV  
  146  13:32  Planetary Fortress  
  139  13:34  Unknown x3  
  139  13:39  Refinery  
  139  13:41  Refinery  
  139  13:43  SCV x4  
  139  13:44  Marine x4  
  139  13:46  Factory Tech Lab  
  141  13:52  Widow Mine x2  
  141  13:53  Medivac x2  
  141  13:55  SCV x2, Unknown x2  
  155  13:57  Orbital Command  
  155  14:02  Command Center, Unknown  
  155  14:03  Unknown x2  
  155  14:05  Command Center, Sensor Tower  
  155  14:08  Command Center  
  155  14:14  Widow Mine  
  157  14:23  Unknown x2  
  145  14:39  Nuke x2  
  145  14:40  Nuke  
  136  14:45  Unknown x2  
  136  14:46  SCV x3, Unknown  
  136  14:52  SCV x3  
  140  14:56  SCV  
  140  14:59  Terran Infantry Armor Level 3  
  141  15:00  SCV x3  
  141  15:02  Marine x3  
  151  15:19  SCV  
  151  15:20  SCV  
  159  15:29  SCV x2  
  159  15:30  Unknown x2  
  161  15:48  Unknown x3  
  161  15:52  Command Center x2  
  161  15:54  Widow Mine x2  
  173  16:09  Nuke x2  
  166  16:21  Unknown x5  
  166  16:24  SCV x4  
  166  16:25  SCV  
  171  16:49  Terran Infantry Weapons Level 2, Unknown  
  171  16:50  Unknown x2  
  175  17:03  Refinery  
  175  17:04  Refinery  
  175  17:06  Command Center  
  175  17:08  Sensor Tower  
  175  17:10  Command Center  
  175  17:18  Unknown  
  175  17:19  Marine x3, Unknown  
  175  17:20  Widow Mine  
  175  17:21  Drilling Claws, Widow Mine  
  145  17:47  Unknown x4  
  145  17:51  Widow Mine x2  
  139  17:59  SCV x2  
  133  18:09  SCV x2  
  135  18:18  SCV x2, Unknown x5  
  135  18:19  Marine  
  143  18:20  Marauder, Command Center, Marine x2  
  143  18:21  Widow Mine x2  
  143  18:26  Medivac x2  
  156  18:28  SCV  
  156  18:29  SCV x2  
  159  18:37  Marine x2  
  159  18:38  Marauder  
  163  18:41  Marine  
  163  18:46  Marine x3, Unknown  
  163  18:47  Unknown x2  
  155  18:55  Marine x2  
  138  18:56  Medivac x2  
  138  18:59  Marine x2  
  141  19:04  Marine  
  127  19:13  Marine x2  
  129  19:17  Marauder, Marine  
  129  19:23  Marauder, Stimpack  
  129  19:25  Widow Mine x3  
  129  19:31  Marine x2  
  136  19:33  Marauder, Marine, Unknown x2  
  136  19:35  Marine  
  136  19:38  Medivac, Command Center  
  141  19:39  Marauder, Medivac  
  141  19:40  Nuke x2  
  141  19:41  Command Center, Nuke  
  141  19:42  Sensor Tower  
  141  19:43  SCV x2, Terran Infantry Weapons Level 3, Marine  
  150  19:46  Widow Mine  
  150  19:49  Marine x2  
  150  19:51  Marauder  
  156  19:53  Marauder  
  156  19:54  Marauder  
  156  19:56  Refinery  
  156  19:59  Marine  
  160  20:00  Widow Mine x2  
  160  20:01  Marine, Supply Depot x2  
  160  20:03  Missile Turret x2  
  160  20:04  Planetary Fortress  
  160  20:05  Planetary Fortress  
  160  20:06  Orbital Command, Marine x2, Refinery  
  167  20:07  SCV x2  
  167  20:11  Widow Mine  
  167  20:12  Marauder  
  174  20:14  Marauder  
  174  20:15  Marine  
  174  20:17  Marine  
  174  20:19  Marine  
  179  20:21  Widow Mine  
  179  20:22  SCV x3  
  179  20:24  Marine x2  
  186  20:34  Marauder  
  188  20:42  Refinery  
  186  20:44  Refinery  
  186  20:46  Marine x3  
  186  20:47  Marauder x2  
  171  21:02  Marine  
  171  21:03  Marauder  
  171  21:04  Marine x2  
  160  21:05  Marauder, Widow Mine x2  
  160  21:07  Marine  
  160  21:08  Marauder  
  155  21:15  SCV x4, Widow Mine  
  153  21:18  Command Center  
  153  21:20  Marine  
  153  21:21  Medivac x2  
  153  21:22  Marine x2  
  153  21:24  Marauder  
  159  21:25  Marine  
  159  21:26  Marauder, Widow Mine x2  
  159  21:27  Planetary Fortress  
  159  21:30  Marauder  
  167  21:36  Widow Mine  
  167  21:38  SCV x3, Marine  
  167  21:39  Marine  
  173  21:40  Marine  
  173  21:44  Marauder  
  173  21:45  Marine  
  173  21:46  SCV x2  
  180  21:47  Marine  
  180  21:48  Nuke x2  
  180  21:50  Marine  
  180  21:53  Planetary Fortress  
  182  21:54  Planetary Fortress  
  182  21:56  Marauder  
  182  21:57  Marine x2  
  186  22:03  Marauder  
  186  22:05  Marauder, Marine  
  191  22:08  Marine  
  191  22:15  Marine x2  
  190  22:17  Marauder  
  174  22:33  Liberator  
  168  22:41  Marine  
  168  22:42  Marine  
  168  22:43  Widow Mine x2  
  176  22:54  Nuke x2  
  176  22:59  Liberator, Marine x2  
  176  23:00  SCV, Unknown x3  
  176  23:01  Marauder, SCV, Unknown  
  188  23:07  Marauder, Unknown  
  188  23:12  Widow Mine  
  172  23:16  Liberator  
  172  23:17  Marine x2  
  177  23:22  Marauder  
  176  23:28  Marine  
  176  23:29  Marauder x2, Unknown x3  
  176  23:31  Marine  
  179  23:36  Nuke  
  164  23:44  Marauder  
  164  23:45  Marine x2  
  164  23:46  Marauder  
  164  23:47  Widow Mine x2  
  157  23:49  Marine  
  157  23:50  Marauder, Marine  
  137  24:03  Marine x2  
  137  24:05  Marauder  
  137  24:07  Marauder, Marine  
  137  24:08  Marine  
  123  24:11  Marine  
  124  24:20  Widow Mine x3  
  124  24:21  Marine x2  
  129  24:25  Marine  
  129  24:26  Marauder, SCV x4, Marine, Orbital Command  
  129  24:28  Planetary Fortress  
  129  24:29  Marauder, Marine  
  129  24:30  Nuke x2  
  140  24:34  SCV x3  
  143  24:39  Marine x2  
  143  24:41  Widow Mine x2  
  143  24:43  Marauder  
  143  24:44  Marine  
  152  24:45  Missile Turret  
  152  24:47  Marauder, SCV x2, Marine  
  152  24:48  SCV  
  152  24:49  Marine  
  156  24:57  Marine x2  
  153  25:02  Marauder  
  153  25:04  Marine  
  153  25:05  Marine  
  147  25:07  Marine  
  147  25:08  Marine  
  147  25:09  Widow Mine x2  
  147  25:12  SCV x4  
  144  25:14  Marine, Widow Mine  
  144  25:15  Marine  
  144  25:17  SCV x2  
  138  25:22  Marine  
  138  25:23  Medivac x2, Marine x2  
  138  25:24  SCV  
  138  25:25  Marine, Nuke  
  138  25:26  Marine  
  138  25:27  SCV  
  138  25:28  SCV  
  139  25:30  Widow Mine x2  
  139  25:32  Marine x2  
  139  25:36  Widow Mine  
  139  25:40  Marine  
  139  25:41  Marine x2  
  136  25:43  Marine  
  136  25:44  Marine  
  125  25:50  Marine x2  
  125  25:52  Hellbat  
  107  25:57  Widow Mine x2  
  107  25:58  Marine x2  
  107  25:59  Marine  
  107  26:01  Marine  
  107  26:02  Marine  
  112  26:08  Marine x2  
  105  26:13  Widow Mine  
  105  26:15  Medivac x2  
  105  26:16  Marauder, Marine  
  105  26:17  Marauder  
  113  26:18  Marine  
  113  26:19  Marine, Widow Mine x2  
  113  26:22  Hi-Sec Auto Tracking, Neosteel Armor  
  110  26:26  Marine x2  
  101  26:34  SCV, Marine, Widow Mine  
  101  26:35  SCV  
  101  26:36  Marine  
  101  26:37  Marine x2  
  101  26:38  Marine  
  108  26:40  Widow Mine  
  108  26:43  Marine  
  108  26:44  Marine  
  101  26:52  SCV x2, Marine  
  101  26:53  SCV  
  104  26:54  SCV, Marine  
  104  26:55  Marauder, Marine  
  104  26:56  Marauder  
  104  27:06  Widow Mine x2  
  107  27:10  Marine  
  107  27:12  Medivac x2, Marine  
  107  27:13  SCV x2, Marine  
  116  27:16  Marine  
  116  27:17  SCV x2, Marine  
  120  27:27  Marine  
  121  27:30  Marine  
  121  27:31  Marauder  
  121  27:34  Marine  
  121  27:35  Planetary Fortress, Marine  
  126  27:38  SCV  
  126  27:39  SCV  
  126  27:42  Medivac  
  128  27:46  Marauder  
  128  27:47  Widow Mine x2  
  128  27:48  Marauder  
  124  27:52  Marine x2  
  124  27:53  Marauder  
  124  27:56  Widow Mine  
  129  28:07  Marine  
  129  28:12  Supply Depot  
  130  28:16  SCV  
  130  28:25  SCV, Marine x2  
  130  28:33  SCV x2, Marine x3, Widow Mine  
  130  28:34  SCV  
  115  28:43  Marine x2  
  113  28:48  Widow Mine x2  
  113  28:51  Marine x3  
  113  28:53  Liberator  
  119  29:01  Marine x2  
  117  29:09  Marine x3  
  89  29:18  Marine  
  89  29:19  Marauder  
  89  29:24  SCV  
  89  29:26  Marine x2  
  89  29:27  Marauder  
  94  29:37  Marauder  
  88  29:40  Marine  
  88  29:42  SCV  
  88  29:44  Marine x2  
  92  29:48  Marine  
  81  29:58  Marauder, Marine  
  77  30:02  Marine  
  77  30:03  Marauder  
  77  30:06  Marine  
  80  30:15  Marine  
  80  30:18  Widow Mine x2  
  80  30:19  Marine  
  80  30:20  Marine  
  87  30:23  Marine x2  
  89  30:31  Liberator  
  92  30:41  Marauder  
  94  30:45  Marine x2  
  94  30:46  Marauder  
  94  30:48  SCV  
  80  31:03  Marine  
  80  31:04  Marauder, Marine  
  80  31:25  SCV  
  80  31:26  SCV x2  
  83  31:46  SCV  
  88  31:51  Marine  
  87  31:57  SCV  
  87  31:59  Marine x2  
  90  32:05  SCV x2  
  92  32:14  Unknown x2  
Tags
 
Add a new tag
Caveats
  • Supply blocks, unpowered buildings, or Contaminate may cause inaccurate times.
  • Supply counts are checked every 10 seconds.